 Dungeon Crawl Stone Soup version 0.29-a0-919-gd064cfad1c (webtiles) character file.

Game seed: 2146302156531379898

345 quixfox the Digger (level 6, -2/32 HPs)
             Began as a Gargoyle Earth Elementalist on July 27, 2022.
             Slain by an ice beast (9 damage)
             ... on level 3 of the Dungeon.
             The game lasted 00:05:40 (3238 turns).

quixfox the Digger (Gargoyle Earth Elementalist)    Turns: 3238, Time: 00:05:41

Health: -2/32      AC:  8    Str: 23    XL:     6   Next: 58%
Magic:  9/12       EV: 11    Int: 18    God:
Gold:   155        SH:  0    Dex: 10    Spells: 10/14 levels left

rFire   . . .      SeeInvis .   l - +0 dagger
rCold   . . .      Faith    .   (no shield)
rNeg    + . .      Spirit   .   a - +0 robe
rPois   ∞          Reflect  .   (no helmet)
rElec   +          Harm     .   e - +0 cloak
rCorr   .          Rampage  .   (no gloves)
Will    .....                   g - +0 pair of boots
Stlth   ++........              (no amulet)
HPRegen 0.10/turn               c - +6 ring of strength
MPRegen 0.13/turn               s - +6 ring of strength

@: no status effects
A: sickness immunity, AC +4, negative energy resistance 1, electricity
resistance, torment resistance 1, petrification resistance
a: no special abilities


You were on level 3 of the Dungeon.
You visited 1 branch of the dungeon, and saw 3 of its levels.

You collected 155 gold pieces.

Inventory:

Hand Weapons
 l - a +0 dagger (weapon)
Armour
 a - a +0 robe (worn)
 e - a +0 cloak (worn)
 g - a +0 pair of boots (worn)
Jewellery
 c - a +6 ring of strength (left hand)
 s - a +6 ring of strength (right hand)
Scrolls
 d - 2 scrolls of fear {unknown}
 h - a scroll of identify {unknown}
 i - a scroll of fog {unknown}
 m - a scroll of blinking {unknown}
 o - 2 scrolls of amnesia {unknown}
 p - a scroll of noise {unknown}
 t - a scroll of enchant weapon {unknown}
 u - a scroll of teleportation {unknown}
Potions
 b - a potion of magic
 f - a potion of mutation {unknown}
 j - 2 potions of attraction {unknown}
 k - a potion of curing {unknown}
 n - 2 potions of brilliance {unknown}
 q - a potion of heal wounds {unknown}
 r - 2 potions of degeneration {unknown}


   Skills:
 - Level 1.5 Dodging
 - Level 2.1 Stealth
 + Level 4.6 Spellcasting
 - Level 0.7 Transmutations
 + Level 6.6 Earth Magic


You had 10 spell levels left.
You knew the following spells:

 Your Spells              Type           Power      Damage    Failure   Level
a - Sandblast             Erth           54%        2d13      1%          1
b - Passwall              Tmut/Erth      14%        N/A       4%          2
c - Slow                  Hex            16%        N/A       14%         1

Your spell library contained the following spells:

 Spells                   Type           Power      Damage    Failure   Level
 Stone Arrow              Conj/Erth      32%        3d9       11%         3
 Magic Dart               Conj           16%        1d3       14%         1
 Ensorcelled Hibernation  Hex/Ice        8%         N/A       22%         2
 Searing Ray              Conj           8%         2d4       22%         2
 Petrify                  Tmut/Erth      17%        N/A       30%         4
 Spider Form              Tmut/Pois      5%         N/A       34%         3
 Ignite Poison            Fire/Tmut/Pois 5%         N/A       36%         3
 Confusing Touch          Hex            4%         N/A       38%         3
 Mephitic Cloud           Conj/Pois/Air  4%         N/A       38%         3
 Vampiric Draining        Necr           4%         2d6       38%         3
 Anguish                  Hex/Necr       2%         N/A       80%         4
 Fulminant Prism          Conj/Hex       2%         3d6       80%         4
 Freezing Cloud           Conj/Ice/Air   2%         6-21      98%         5


Dungeon Overview and Level Annotations

Branches:
Dungeon (3/15)

Altars:
Ashenzari
Gozag

Shops:
D:1 (   D:2 [!*


Innate Abilities, Weirdness & Mutations

You are immune to sickness and miasma.
Your stone body is resilient. (AC +4)
You are immune to poison.
You resist negative energy. (rN+)
You are resistant to electric shocks. (rElec)
You are resistant to unholy torment.
You are immune to petrification.


Message History

You kill the bat!
You see here a bat corpse.
There is a large open door here.
A quokka and a rat come into view.
The rat twitches its whiskers.
The blast of sand hits the rat!
You kill the rat!
The blast of sand hits the quokka!
You kill the quokka!
Found an escape hatch in the floor.
There is an escape hatch in the floor here.
There is a large open door here.
You open the large door.
There is a large open door here.
Found a short sword.
You see here a +0 short sword.
You see here 6 stones.
You now have 155 gold pieces (gained 16).
An ice beast comes into view.
Found a forked bronze wand and 5 stones.
The blast of sand hits the ice beast!
The ice beast is heavily wounded.
The blast of sand hits the ice beast but does no damage.
The ice beast is heavily wounded.
The ice beast hits you. The ice beast freezes you!
The blast of sand hits the ice beast.
The ice beast is severely wounded.
The ice beast hits you. The ice beast freezes you!
* * * LOW HITPOINT WARNING * * *
The ice beast hits you but does no damage.
You are too injured to fight recklessly!
Aiming: Sandblast (safe; 1% risk of failure)
Press: ? - help, Q - select action, (/) - cycle Shift-Dir - straight line, f/p - ice beast
Aim: an ice beast (severely wounded, 83% to hit)
The blast of sand hits the ice beast.
The ice beast is severely wounded.
The ice beast barely misses you. The ice beast hits you.
* * * LOW HITPOINT WARNING * * *
The ice beast freezes you!
You die...

#...#..#.....#.##.#.####
#...###.##.†.##.##.#(##.#
#...#(#..#...#..##...##..
#..##.##.##.##..###.....≈
#..#...#..#.#..........≈≈
#.##...##.###..........≈≈
#.#.....#..#............≈
.#....Y#..#...#......#≈≈
.......@.....##......#≈≈
###.##.##..#.##......##≈
... ##.#.##.......#.
###.###.#.##........#
#/#...#.##.......##
#.#.###.##.......##
#.#.#.#.##........#
..#.#.#.##......#.# #.#.#
#......#..


You could see an ice beast.

Vanquished Creatures
  Grinder (D:3)
  2 orc priests (D:3)
  3 adders
  7 dart slugs (D:3)
  4 orcs (D:3)
  4 bats
  3 endoplasms
  4 giant cockroaches
  7 goblins
  5 hobgoblins
  3 quokkas
  5 frilled lizards
  A kobold (D:3)
  4 rats
53 creatures vanquished.

Notes
Turn   | Place    | Note
-------+----------+-------------------------------------------
     0 | D:1      | quixfox the Gargoyle Earth Elementalist began the quest for
                  | the Orb.
     0 | D:1      | Reached XP level 1. HP: 10/10 MP: 3/3
   301 | D:1      | Reached XP level 2. HP: 15/15 MP: 1/5
   361 | D:1      | Reached skill level 4 in Earth Magic
   775 | D:1      | Found Caosoic's Weapon Shop.
  1063 | D:2      | Found Pojisk's Assorted Antiques.
  1193 | D:2      | Found a faded altar of an unknown god.
  1286 | D:2      | Found Gasoxas's Armour Shoppe.
  1303 | D:2      | Found an opulent altar of Gozag.
  1412 | D:2      | Reached XP level 3. HP: 19/19 MP: 3/6
  1415 | D:2      | Learned a level 2 spell: Passwall
  1417 | D:2      | Learned a level 1 spell: Slow
  1478 | D:2      | Found Ceqilom's Distillery.
  2188 | D:3      | Reached XP level 4. HP: 22/24 MP: 2/8
  2269 | D:3      | Reached skill level 5 in Earth Magic
  2587 | D:3      | Found a broken altar of Ashenzari.
  2688 | D:3      | Reached XP level 5. HP: 28/28 MP: 7/10
  2741 | D:3      | Noticed Grinder
  2746 | D:3      | Paralysed by Grinder for 2 turns
  2771 | D:3      | Paralysed by Grinder for 2 turns
  2777 | D:3      | Killed Grinder
  2778 | D:3      | Reached skill level 6 in Earth Magic
  2778 | D:3      | Reached XP level 6. HP: 2/32 MP: 4/12
  3234 | D:3      | Noticed an ice beast
  3238 | D:3      | Slain by an ice beast

Illustrated notes

Levels and vault maps discovered:
D:1:      amcnicky_arrival_flooded_fountain, layout_loops_corners, serial_shops,
          nicolae_shop_waterfront, amcnicky_mini_rare_corridor_liquid
D:2:      wander_river, layout_loops_ring, serial_shops, shop,
          nicolae_shop_advertising_works [nicolae_subvault_shop_adworks],
          nicolae_shop_temple_entry_statues_fountains, serial_forest,
          infiniplex_forest_straight_4, infiniplex_forest_diagonal,
          infiniplex_forest_end_2, infiniplex_forest_lined_3_way, basic_altar,
          basic_ecumenical_altar, kennysheep_doodads
D:3:      kennysheep_slugbush, layout_basic, ashenzari_conservatory_becter,
          kennysheep_big_empty_room, grunt_ministairs_8, minmay_unequal,
          uniq_grinder

Skill      XL: |  1  2  3  4  5 |
---------------+----------------+-----
Earth Magic    | 4 5 6 |  6.6
Spellcasting   | 3 4 |  4.6
Dodging        | |  1.5
Stealth        | |  2.1
Transmutations | |  0.7

Action                   |  1- 3 |  4- 6 || total
-------------------------+-------+-------++-------
Melee: Dagger            |       |     2 ||     2
 Cast: Sandblast         |    56 |    41 ||    97
Armor: Robe              |     8 |     7 ||    15
Dodge: Dodged            |    22 |    12 ||    34

Table legend: (Time is in decaauts)
 A = Elapsed time spent in this place.
 B = Non-inter-level travel time spent in this place.
 C = Inter-level travel time spent in this place.
 D = Time resting spent in this place.
 E = Time spent auto-exploring this place.
 F = Levels seen in this place.
 G = Mean time per level.
                   A        B        C        D        E       F      G
               +--------+--------+--------+--------+--------+-----+--------+
         Total |   3356 |   3294 |     62 |    126 |   2726 |   3 | 1118.7 |
       Dungeon |   3356 |   3294 |     62 |    126 |   2726 |   3 | 1118.7 |
               +--------+--------+--------+--------+--------+-----+--------+

Top non-repeatable levels by time:
     D:2: 1234 daAuts
     D:3: 1089 daAuts
     D:1: 1033 daAuts
